 Dungeon Crawl Stone Soup version 0.21-a0-442-g848f44b3bc (webtiles) character file.

10 GordonOverkill the Grasshopper (level 2, -1/22 HPs)
             Began as a Human Wanderer on Nov 16, 2017.
             Slain by a hobgoblin
             ... wielding a +0 club
              (2 damage)
             ... on level 1 of the Dungeon.
             The game lasted 00:00:49 (162 turns).

GordonOverkill the Grasshopper (Human Wanderer)      Turns: 162, Time: 00:00:50

Health: -1/22      AC:  2    Str: 13    XL:     2   Next: 30%
Magic:  5/5        EV: 11    Int:  9    God:
Gold:   18         SH:  0    Dex: 14    Spells: 5/5 levels left

rFire    . . .     SeeInvis .   c - +0 spear
rCold    . . .     Gourm    .   (no shield)
rNeg     . . .     Faith    .   d - +0 robe
rPois    .         Spirit   .   (no helmet)
rElec    .         Reflect  .   (no cloak)
rCorr    .         Harm     .   (no gloves)
MR       .....                  (no boots)
Stlth    ++........             (no amulet)
HPRegen  0.07/turn              (no ring)
MPRegen  0.09/turn              (no ring)

@: no status effects
A: no striking features
a: no special abilities


You were on level 1 of the Dungeon.
You were not hungry.

You visited 1 branch of the dungeon, and saw 1 of its levels.

You collected 18 gold pieces.

Inventory:

Hand Weapons
 c - a +0 spear (weapon)
Armour
 d - a +0 robe (worn)
Scrolls
 e - a scroll of identify {unknown}
Books
 a - a book of Minor Magic

   Spells                             Type                      Level
   a - Magic Dart                     Conjuration                  1
   b - Blink                          Translocation                2
   c - Call Imp                       Summoning                    2
   d - Slow                           Hexes                        2
   e - Conjure Flame                  Conjuration/Fire             3
   f - Mephitic Cloud                 Conjuration/Poison/Air       3
 b - the Compendium of Cold

   Spells                             Type                      Level
   a - Freeze                         Ice                          1
   b - Ozocubu's Armour               Charms/Ice                   3
Comestibles
 f - a bread ration
 g - 4 chunks of flesh
 h - 4 fruits


   Skills:
 + Level 2.3 Fighting
 + Level 1.5 Stealth
   Level 1.0 Shields
 + Level 2.2 Spellcasting
   Level 3.0 Translocations
   Level 1.0 Evocations


You had 5 spell levels left.
You didn't know any spells.

Dungeon Overview and Level Annotations

Branches:
Dungeon (1/15)

Altars:


Message History

You kill the kobold!
You hit the goblin but do no damage. The goblin barely misses you.
You hit the goblin.
The goblin is heavily wounded.
The goblin hits you with a club.
* * * LOW HITPOINT WARNING * * *
You closely miss the goblin.
The goblin is heavily wounded.
The goblin barely misses you.
You hit the goblin.
You kill the goblin!
The leopard gecko bites you.
* * * LOW HITPOINT WARNING * * *
You hit the leopard gecko.
The leopard gecko is heavily wounded.
The leopard gecko misses you.
You hit the leopard gecko.
You kill the leopard gecko!
The hobgoblin hits you with a club.
You die...

############# ###
########...........#
....######.....##...........#####
...............g@........>......#
....######.....##....).....รท###.#
... #.....##...........# #.. ..
#.....##...........# ### .
#.....##...........#
#.....##...........#
########.......)...# #############
## #.


You could see a hobgoblin.

Vanquished Creatures
  2 leopard geckos (D:1)
  A ball python (D:1)
  A goblin (D:1)
  A bat (D:1)
  A frilled lizard (D:1)
  2 kobolds (D:1)
  A rat (D:1)
9 creatures vanquished.

Notes
Turn   | Place    | Note
-------+----------+-------------------------------------------
     0 | D:1      | GordonOverkill the Human Wanderer began the quest for the Orb.
     0 | D:1      | GordonOverkill set off with: a book of Minor Magic, the Compendium of Cold, a +0 spear, a +0 robe, a bread ration
     0 | D:1      | Reached XP level 1. HP: 16/16 MP: 3/3
     0 | D:1      | Identified the Compendium of Cold
   101 | D:1      | Reached XP level 2. HP: 22/22 MP: 5/5
   160 | D:1      | HP: 1/22 [leopard gecko (1)]
   162 | D:1      | Slain by a hobgoblin

Vault maps used:
D:1:      nzn_arrival_water_spiral

Action                   || total
-------------------------++-------
Melee: Spear             ||    38
 Stab: Sleeping          ||     1
Armor: Robe              ||     5
Dodge: Dodged            ||    14

Table legend:
 A = Spawn XP
 B = Non-spawn XP
 C = Spawn XP percentage of total XP
 D = Spawn monster count
 E = Non-spawn monster count
 F = Spawn count percentage of total count
 G = Total turns spent on level
                    A         B        C        D         E        F      G
               +---------+---------+-------+---------+---------+-------+---------
         Total |       0 |      15 |   0.0 |       0 |       9 |   0.0 |   162
               +---------+---------+-------+---------+---------+-------+---------
           D:1 |       0 |      15 |   0.0 |       0 |       9 |   0.0 |   162
               +---------+---------+-------+---------+---------+-------+---------
